cohdb
Replays
Latest Replays
All Replays
Popular Replays
Top Player Replays
Match Explorer
How It Works
Community
CoH3 Stats
Reddit
Sign in to upload your games and track your stats! →
Sign in with Steam
Match 42425599
Unlisted
Match 42425599
Overview
Messages
Build Orders
End
Kettenkrad Recon Vehicle
Construct Infanterie Kompanie
Selects Italian Coastal Battlegroup
Selects Coastal Reserves
MG 42 Machine Gun Team
MG 42 Machine Gun Team
GrW 34 Mortar Team
Coastal Reserve
Medical Bunker
Selects Artillery Officer
Artillery Officer
Coastal Reserve
MG 42 Bunker
Construct Panzergrenadier Kompanie
Pak 40 Anti-tank Gun Team
Support Elements
Selects Support Bunkers
Nebelwerfer 42 Rocket Launcher Team
MG 42 Machine Gun Team
MG 42 Bunker
Selects Designated Artillery Overwatch
Coastal Reserve
MG 42 Bunker
MG 42 Bunker
Kettenkrad Recon Vehicle
Selects Coastal Wall
Designated Artillery Overwatch
Brigadierbadge®
سَۨفُـيٰانۨوٰس
0
0
Comments
sign in to comment!
No comments posted yet!